 Dungeon Crawl Stone Soup version 0.29.1-2-gbd0b4ee654 (webtiles) character file.

Game seed: 15744127154954942841

70 Maxirius the Insei (level 4, -4/35 HPs)
             Began as a Draconian Transmuter on Oct 30, 2022.
             Was a Follower of the Shining One.
             Killed from afar by an electric eel (8 damage)
             ... with a bolt of electricity
             ... on level 4 of the Dungeon.
             The game lasted 00:11:32 (770 turns).

Maxirius the Insei (Draconian Transmuter)            Turns: 770, Time: 00:11:33

Health: -4/35      AC:  5    Str: 12    XL:     4   Next: 3%
Magic:  8/8        EV: 12    Int: 13    God:    the Shining One [*.....]
Gold:   25         SH:  0    Dex: 14    Spells: 7/8 levels left

rFire   . . .      SeeInvis .     - Unarmed
rCold   + . .      Faith    .   (no shield)
rNeg    . . .      Spirit   .   (body armour unavailable)
rPois   .          Reflect  .   (helmet restricted)
rElec   .          Harm     .   (no cloak)
rCorr   .          Rampage  .   (no gloves)
Will    .....                   (no boots)
Stlth   +.........              (no amulet)
HPRegen 0.11/turn               e - ring of protection from cold
MPRegen 0.11/turn               (no ring)

@: glowing
A: AC +5, unfitting armour, cold-blooded
a: Renounce Religion, Divine Shield


You were on level 4 of the Dungeon.
You worshipped the Shining One.
The Shining One was aware of your devotion.
You visited 1 branch of the dungeon, and saw 3 of its levels.

You collected 25 gold pieces.

Inventory:

Jewellery
 b - a ring of ice
 e - a ring of protection from cold (left hand)
Wands
 i - a wand of flame (17)
Scrolls
 c - a scroll of vulnerability {unknown}
 d - a scroll of fear {unknown}
 f - a scroll of enchant armour {unknown}
 g - 2 scrolls of magic mapping {unknown}
Potions
 a - a potion of lignification
 h - a potion of curing {unknown}


   Skills:
 + Level 1.1 Fighting
 + Level 2.0 Dodging
 + Level 0.5 Stealth
 + Level 3.9 Unarmed Combat
 + Level 2.8 Spellcasting
 + Level 2.2 Transmutations


You had 7 spell levels left.
You knew the following spells:

 Your Spells              Type           Power      Damage    Failure   Level
a - Beastly Appendage     Tmut           14%        N/A       10%         1

Your spell library contained the following spells:

 Spells                   Type           Power      Damage    Failure   Level
 Wereblood                Tmut           7%         N/A       14%         2
 Apportation              Tloc           2%         N/A       24%         1
 Spider Form              Tmut/Pois      4%         N/A       41%         3
 Ice Form                 Ice/Tmut       4%         N/A       83%         4
 Alistair's Intoxication  Tmut/Pois      2%         N/A       99%         5


Dungeon Overview and Level Annotations

Branches:
Dungeon (2/15)

Altars:
The Shining One


Innate Abilities, Weirdness & Mutations

Your plain brown scales are hard. (AC +5)
You cannot fit into any form of body armour.
You are cold-blooded and may be slowed by cold attacks.


Message History

You kill the iguana!
Your Dodging skill increases to level 2!
You have reached level 4!
You feel agile.
You see here an iguana corpse.
Found a wand of flame (17).
Your horns disappear.
Your talons disappear.
A goblin comes into view. It is wielding a +0 club.
The goblin shouts!
There is a transporter here.
You barely miss the goblin.
You tail-slap the goblin, but do no damage.
The goblin hits you but does no damage.
You hit the goblin.
The goblin is severely wounded.
The goblin hits you but does no damage.
You hit the goblin.
You kill the goblin!
There is a transporter here.
You enter the transporter and appear at another place.
i - a wand of flame (17)
There are no items here.
There is a transporter landing site here.
You can't go down here!
You can't go up here!
You open the door.
The electric eel shoots out a bolt of lightning at you!
The bolt of electricity hits you! x2
* * * LOW HITPOINT WARNING * * *
The bolt of electricity hits the plant!
The plant begins to die.
There is an open door here.
The electric eel shoots out a bolt of lightning at you!
The bolt of electricity hits you! The Shining One protects you from harm!
The electric eel shoots out a bolt of lightning at you!
The bolt of electricity hits you.
* * * LOW HITPOINT WARNING * * *
The electric eel shoots out a bolt of lightning at you!
The bolt of electricity hits you!
You die...

.. #.# #.# #..
#.###.#.####
###.#######.... #....#
.............#######.#
###########.....#....#
~~~~~~S#P8#.###.#.####
~~~~~..#..#..##.#.###
~~♣S..'.©#©.....†..#
P~~~~..#@.#.........#
~~~~~~S#P8#.........#
###########.........#
.........)..........#
.......######.......#
#.....# #.......#
##...# #.####### ##+#
#.#


You could see 3 electric eels.

Vanquished Creatures
  An iguana (D:4)
  An adder (D:2)
  An ufetubus (D:4)
  A dart slug (D:2)
  4 endoplasms (D:1)
  4 giant cockroaches (D:1)
  3 goblins
  2 hobgoblins (D:1)
  2 quokkas (D:1)
  2 ball pythons
  A bat (D:1)
  3 frilled lizards (D:1)
  A kobold (D:1)
  A rat (D:1)
27 creatures vanquished.

Vanquished Creatures (others)
  3 withered plants (D:1)
3 creatures vanquished.

Grand Total: 30 creatures vanquished

Notes
Turn   | Place    | Note
-------+----------+-------------------------------------------
     0 | D:1      | Maxirius the Draconian Transmuter began the quest for the
                  | Orb.
     0 | D:1      | Reached XP level 1. HP: 16/16 MP: 3/3
   307 | D:1      | Found a faded altar of an unknown god.
   320 | D:1      | Reached XP level 2. HP: 23/23 MP: 5/5
   347 | D:1      | Prayed at the altar of an unknown god.
   347 | D:1      | Became a worshipper of the Shining One
   347 | D:1      | Reached * piety under the Shining One
   693 | D:2      | Reached XP level 3. HP: 28/28 MP: 4/6
   718 | D:2      | You fall into a shaft and drop 2 floors!
   731 | D:4      | Found a transporter.
   741 | D:4      | Reached XP level 4. HP: 25/35 MP: 8/8
   768 | D:4      | The Shining One protects you from harm!
   770 | D:4      | Killed from afar by an electric eel

Illustrated notes

Levels and vault maps discovered:
D:1:      ebering_hopf_link, layout_basic, ebering_ecumenical_altar_petrified
D:2:      layout_basic
D:4:      gammafunk_steamed_eel, layout_loops_corners,
          lemuel_coloured_pillars_altar, makhleb_heckhound_becter,
          minmay_temple_entry_enclosed_plants, minmay_misc_feat_rows,
          minmay_distorted, uniq_eustachio, uniq_menkaure, uniq_duvessa

Skill      XL: |  1  2  3 |
---------------+----------+-----
Dodging        | 2 |  2.0
Fighting       | |  1.1
Stealth        | |  0.5
Unarmed Combat | |  3.9
Spellcasting   | |  2.8
Transmutations | |  2.2

Action                   |  1- 3 |  4- 6 || total
-------------------------+-------+-------++-------
Melee: Unarmed           |    68 |     3 ||    71
       Tailslap          |    13 |     1 ||    14
       Kick              |    12 |       ||    12
       Headbutt          |     5 |       ||     5
 Cast: Beastly Appendage |    10 |       ||    10
Armor: Skin              |    19 |     2 ||    21
Dodge: Dodged            |    31 |       ||    31
